cohdb
Replays
Latest Replays
All Replays
Popular Replays
Top Player Replays
Match Explorer
How It Works
Community
CoH3 Stats
Reddit
Sign in to upload your games and track your stats! →
Sign in with Steam
Match 47481832
Unlisted
Match 47481832
Overview
Messages
Build Orders
End
Construct Section Command Post
Vickers Machine Gun Team
Dingo Light Scout Car
Infantry Section
Infantry Section
Construct Platoon Command Post
Unlock Bishop Self-propelled Artillery
Bishop Self-propelled Artillery
Royal Engineer Section
Grenade Package
Bishop Self-propelled Artillery
6-pounder Anti-tank Gun Team
Construct Company Command Post
Unlock M3 Grant Medium Tanks
Foot Guards Section
Mintyll
MeeeSHuGgaHH
JVM
Chungsan
fluffysaurus
jja9597
FARM7D
ARSHAK
0
0
Comments
sign in to comment!
No comments posted yet!